 Dungeon Crawl Stone Soup version 0.29.1 (webtiles) character file.

Game seed: 5599682970056832166

59 Acheron the Grave Robber (level 3, -9/25 HPs)
             Began as a Mummy Necromancer on Sept 14, 2022.
             Was a Follower of Trog.
             Killed from afar by an orc wizard (10 damage)
             ... with a puff of flame
             ... on level 4 of the Dungeon.
             The game lasted 00:16:32 (2578 turns).

Acheron the Grave Robber (Mummy Necromancer)        Turns: 2578, Time: 00:16:33

Health: -9/25      AC:  4    Str: 19    XL:     3   Next: 78%
Magic:  7/7        EV: 12    Int: 14    God:    Trog [*.....]
Gold:   86         SH:  0    Dex: 18    Spells: 7/8 levels left

rFire   x . .      SeeInvis .   m - +0 hand axe (flame)
rCold   + . .      Faith    .   (no shield)
rNeg    + + +      Spirit   .   k - +2 robe {Archmagi}
rPois   ∞          Reflect  .   (no helmet)
rElec   .          Harm     .   (no cloak)
rCorr   .          Rampage  .   (no gloves)
Will    .....      Archmagi +   (no boots)
Stlth   ++........              f - amulet of magic regeneration
HPRegen 0.08/turn               j - +6 ring of dexterity
MPRegen 0.50/turn               a - +6 ring of strength

@: no status effects
A: cold resistance 1, negative energy resistance 3, torment resistance 2, heat
vulnerability 1, in touch with death 1, no potions
a: Renounce Religion


You were on level 4 of the Dungeon.
You worshipped Trog.
Trog was aware of your devotion.
You visited 1 branch of the dungeon, and saw 4 of its levels.

You collected 86 gold pieces.

Inventory:

Hand Weapons
 b - a +0 long sword
 d - the +0 sling of Insufficient Pleasure {freeze, rPois Dex+2}
   (You found it on level 3 of the Dungeon)

   Any ammunition fired from it freezes those it strikes, dealing additional
   cold damage.
   It can also slow down cold-blooded creatures.
   Dex:       It affects your dexterity (+2).
   rPois:     It protects you from poison.
 g - a +0 spear
 h - a +0 war axe
 m - a +0 hand axe of flaming (weapon)
Missiles
 e - 3 poisoned darts (quivered)
 i - 6 curare-tipped darts
Armour
 k - a +2 robe of the Archmagi (worn)
Jewellery
 a - a +6 ring of strength (right hand)
 f - an amulet of magic regeneration (around neck)
 j - a +6 ring of dexterity (left hand)
Scrolls
 c - a scroll of immolation {unknown}
 l - a scroll of teleportation {unknown}
 n - a scroll of noise {unknown}


   Skills:
 * Level 0.4 Fighting
 + Level 0.2 Long Blades
 * Level 0.3 Axes
 * Level 0.8 Throwing
 * Level 2.1 Dodging
 * Level 1.9 Stealth
 - Level 3.2 Spellcasting
 - Level 4.3 Necromancy


You had 7 spell levels left.
You knew the following spells:

 Your Spells              Type           Power      Damage    Failure   Level
a - Necrotise             Necr           100%       1d9       3%          1

Your spell library contained the following spells:

 Spells                   Type           Power      Damage    Failure   Level
 Vampiric Draining        Necr           32%        2d8       11%         3
 Animate Dead             Necr           32%        N/A       34%         4
 Agony                    Necr           32%        N/A       67%         5


Dungeon Overview and Level Annotations

Branches:
Dungeon (4/15)
 Temple: D:4-7

Altars:
Trog

Shops:
D:1 :


Innate Abilities, Weirdness & Mutations

You are immune to poison.
Your flesh is cold resistant. (rC+)
You are immune to negative energy. (rN+++)
You are immune to unholy pain and torment.
You are vulnerable to heat. (rF-)
You are in touch with the powers of death.
You do not drink.


Message History

The giant cockroach bites you but does no damage.
Found an escape hatch in the floor.
The orc wizard shouts!
You hear a shout! x2
The giant cockroach attacks as you move away!
The giant cockroach bites you but does no damage.
An orc comes into view. It is wielding a +0 dagger.
Found a scroll of identify.
The orc wizard gestures wildly while chanting.
The orc wizard flickers and vanishes!
Deactivating autopickup; reactivate with Ctrl-A.
There is an escape hatch in the floor here.
The giant cockroach bites you but does no damage.
The orc wizard hits you with a +0 dagger.
The giant cockroach bites you but does no damage.
You slide downwards.
The hatch slams shut behind you.
Reactivating autopickup.
Found a leather armour.
You hit the orc wizard. You burn the orc wizard.
The orc wizard is moderately wounded.
You hit the giant cockroach but do no damage.
The orc wizard hits you with a +0 dagger.
The giant cockroach barely misses you.
You barely miss the orc wizard.
The orc wizard is moderately wounded.
You barely miss the giant cockroach.
The giant cockroach bites you but does no damage.
The orc wizard casts a spell at you. The puff of flame hits you!
The fire burns you terribly! The giant cockroach bites you.
You hit the orc wizard. You burn the orc wizard.
The orc wizard is severely wounded.
You closely miss the giant cockroach.
The orc wizard gestures at you while chanting.
The magic dart hits you!
* * * LOW HITPOINT WARNING * * *
The giant cockroach bites you.
* * * LOW HITPOINT WARNING * * *
The orc wizard points at you and mumbles some strange words.
The puff of flame hits you! The fire burns you terribly!
You die...

.. ...... #. ##
..... #..#.
.... . #..#.
...# ##
......#...#...
###.#.........#
........B.....#
#..o@......#
#..........#
#............#
#.#B.........#
# #..........#
...........#
..####....[..
... #######


You could see an orc wizard and 2 giant cockroaches.

Vanquished Creatures
  An adder (D:2)
  A worm (D:2)
  A dart slug (D:1)
  3 endoplasms
  2 giant cockroaches (D:1)
  2 goblins (D:2)
  3 hobgoblins (D:2)
  6 jackals
  5 kobolds
  3 quokkas
  3 ball pythons
  5 bats
  3 frilled lizards
  4 rats (D:1)
42 creatures vanquished.

Vanquished Creatures (others)
  7 plants
7 creatures vanquished.

Grand Total: 49 creatures vanquished

Notes
Turn   | Place    | Note
-------+----------+-------------------------------------------
     0 | D:1      | Acheron the Mummy Necromancer began the quest for the Orb.
     0 | D:1      | Reached XP level 1. HP: 13/13 MP: 4/4
   344 | D:1      | Reached XP level 2. HP: 19/19 MP: 5/5
   356 | D:1      | Found Lorchie's Vocational Training.
   922 | D:1      | Found a faded altar of an unknown god.
   929 | D:1      | Prayed at the altar of an unknown god.
   929 | D:1      | Became a worshipper of Trog the Wrathful
   929 | D:1      | Reached * piety under Trog
  1117 | D:3      | Identified the +0 sling of Insufficient Pleasure {freeze,
                  | rPois Dex+2}
  1269 | D:2      | Gained mutation: You are in touch with the powers of death.
                  | [Mummy growth]
  1269 | D:2      | Reached XP level 3. HP: 24/24 MP: 7/7
  2436 | D:2      | You fall into a shaft and drop 1 floor!
  2578 | D:4      | HP: 1/25 [giant cockroach (2)]
  2578 | D:4      | Killed from afar by an orc wizard

Illustrated notes

Levels and vault maps discovered:
D:1:      shiori_arrival_elements, layout_loops_ring,
          shapermc_ecumenical_altar_hornbeckon, minivault_23,
          nicolae_shop_vocational
D:2:      layout_basic, serial_bayou_lagoon_b
D:3:      layout_loops_cross, dk_noncrumbling_2, uniq_pargi, uniq_robin
D:4:      minmay_chambers_of_threes, layout_loops_cross,
          mainiacjoe_overflow_alcove_1, makhleb_blood_cavern_becter,
          kennysheep_mini, mainiacjoe_overflow_cross_hatched, serial_shops,
          nicolae_shop_advertising_works [nicolae_subvault_shop_adworks],
          minmay_unequal

Skill      XL: |  1  2  3 |
---------------+----------+-----
Spellcasting   | 3 |  3.2
Dodging        | 2 |  2.1
Fighting       | |  0.4
Long Blades    | |  0.2
Axes           | |  0.3
Throwing       | |  0.8
Stealth        | |  1.9
Necromancy     | |  4.3

Action                   || total
-------------------------++-------
Melee: Long sword        ||    10
       War axe           ||    87
       Hand axe          ||     4
 Cast: Necrotise         ||    29
  Use: Scroll            ||     4
 Stab: Sleeping          ||     3
Armor: Robe              ||    28
       Leather armour    ||    13
Dodge: Dodged            ||    99
